 Dungeon Crawl Stone Soup version 0.20-b1-14-g8425815 (webtiles) character file.

5196 tof the Grappler (level 10, -13/88 HPs)
             Began as a Troll Monk on May 23, 2017.
             Was an Elder of Hepliaklqana.
             Mangled by a death yak (27 damage)
             ... on level 7 of the Dungeon.
             The game lasted 00:19:07 (6607 turns).

tof the Grappler (Troll Monk)                       Turns: 6607, Time: 00:19:07

Health: -13/88     AC:  5    Str: 21    XL:     10   Next: 34%
Magic:  10/10      EV: 10    Int:  8    God:    Hepliaklqana [****..]
Gold:   452        SH: 15    Dex: 15    Spells: 9/9 levels left

rFire    + . .     SeeInvis .     - Unarmed
rCold    . . .     Gourm    +   v - +0 large shield
rNeg     . . .     Faith    .   a - +0 robe
rPois    +         Spirit   .   (helmet restricted)
rElec    .         Reflect  .   (no cloak)
rCorr    .         Harm     +   (gloves unavailable)
MR       .....                  (boots unavailable)
Stlth    ++........             B - amulet of harm
Regen    0.7/turn               g - ring of protection from fire
MPRegen  0.2/turn               C - ring of poison resistance

@: no status effects
A: unfitting armour, reduced essence, claws 3, clever 1, fast metabolism 3,
gourmand, high mp 1, regeneration 1, shaggy fur 1, tough skin 2
a: Recall Ancestor, Ancestor Identity, Transference, Idealise, Renounce Religion


You were on level 7 of the Dungeon.
You worshipped Hepliaklqana.
Hepliaklqana was greatly pleased with you.
You were very full.

You visited 2 branches of the dungeon, and saw 10 of its levels.

You collected 452 gold pieces.

Inventory:

Armour
 a - a +0 robe (worn)
 v - a +0 large shield (worn)
Jewellery
 g - a ring of protection from fire (left claw)
 n - an uncursed ring of flight
 B - an amulet of harm (around neck)
 C - a ring of poison resistance (right claw)
 E - a cursed ring of loudness {unknown}
Wands
 m - a wand of flame (3/48)
 A - a wand of digging (16/24)
Scrolls
 d - 7 scrolls of immolation {unknown}
 h - 8 scrolls of teleportation {unknown}
 i - 9 scrolls of identify
 j - 3 scrolls of enchant armour {unknown}
 l - 4 scrolls of amnesia {unknown}
 o - a scroll of enchant weapon {unknown}
 r - a scroll of fear {unknown}
 t - 2 scrolls of noise {unknown}
 w - a scroll of fog {unknown}
 x - 4 scrolls of remove curse {unknown}
 y - a scroll of magic mapping {unknown}
Potions
 c - 4 potions of haste
 f - 2 potions of lignification
 k - 3 potions of flight
 p - a potion of might
 s - a potion of brilliance
 u - a potion of cancellation
 D - a potion of magic
Comestibles
 b - 6 bread rations
 e - 5 meat rations
 q - 4 royal jellies


   Skills:
 + Level 6.3 Fighting
 + Level 6.2 Dodging
 - Level 1.0 Stealth
 * Level 5.5 Shields
 * Level 10.2 Unarmed Combat


You had 9 spell levels left.
You didn't know any spells.

Dungeon Overview and Level Annotations

Branches:
Dungeon (9/15)             Temple (1/1) D:4            Lair (0/6) D:9
    Orc: D:9-12

Altars:
Ashenzari
Cheibriados
Dithmenos
Elyvilon
Fedhas
Gozag
Hepliaklqana
Kikubaaqudgha
Makhleb
Nemelex Xobeh
Okawaru
Qazlal
Ru
Sif Muna
Trog
Vehumet
Xom
Zin
The Shining One

Shops:
D:7 (


Innate Abilities, Weirdness & Mutations

You are too large for most types of armour.
You have claws for hands.
Your metabolism is lightning-fast.
You like to eat raw meat.
Your natural rate of healing is unusually fast.
You are covered in fur. (AC +1)
You have very tough skin. (AC +2)
Your life essence is reduced. (-10% HP)
Your mind is acute. (Int +2)
You have an increased reservoir of magic. (+10% MP)


Message History

The yak gores Yadidatum!
The death yak gores Yadidatum!!
Yadidatum hits the death yak with a flail!
The yak gores Yadidatum!
Yadidatum is destroyed!
There is a stone staircase leading up, spattered with blood here.
The death yak gores you!
* * * LOW HITPOINT WARNING * * *
You block the death yak's attack.
You climb upwards.
There is a stone staircase leading down, spattered with blood here.
The death yak gores you but does no damage.
The death yak gores you.
* * * LOW HITPOINT WARNING * * *
You mangle the death yak!!
The death yak is moderately wounded.
You block the death yak's attack.
You claw the death yak!
The death yak is heavily wounded.
The death yak gores you!!
You die...

................................#
R###......................#.#####
.###......(...########..###.##
..#####..###### ####.......# #.##
#.## ###.##.###.^.#### #..## #.#
####...##.##.......# ##..###.###
##.R..####>##.......#
..........###..#######<##.......#
..(.............@YY.>[.##.......#
............#.#####..####.......#
...(.................# #.......#
..............####..## #.......#
...(..........# ##)## #####.###
.............## #..# #.#
..(.........## #.## #.#
.(..........## ##.# #.#
...##.....#<)###..###########.#


You could see 2 death yaks.

Vanquished Creatures
  2 death yaks
  A hippogriff (D:9)
  2 wyverns (D:8)
  3 orc warriors
  2 sky beasts
  5 phantoms
  An ice beast (D:5)
  2 ogres
  2 centaurs
  Blork the orc (D:4)
  3 bullfrogs
  3 scorpions
  3 howler monkeys
  A crimson imp (D:7)
  5 orc wizards
  6 orc priests
  A hound (D:5)
  2 bullfrog skeletons
  A centaur skeleton (D:7)
  An iguana (D:5)
  2 worker ants
  Natasha (thrice) (D:2)
  4 gnolls (D:4)
  12 adders
  2 oozes
  2 adder skeletons (D:2)
  2 adder zombies
  3 worms
  2 dart slugs
  9 leopard geckos
  18 orcs
  A bat skeleton (D:2)
  A bat zombie (D:2)
  7 giant cockroaches
  9 goblins
  4 hobgoblins
  18 jackals
  5 kobolds
  7 quokkas
  A ball python (D:2)
  A ball python zombie (D:2)
  6 bats
  10 frilled lizards
  A giant cockroach zombie (D:2)
  A leopard gecko zombie (D:6)
  A quokka skeleton (D:2)
  5 rats
184 creatures vanquished.

Vanquished Creatures (collateral kills)
  The ghost of Turgon the Spear-Bearer, a novice OpFi of Ashenzari (D:6)
  A phantom (D:7)
  An ogre (D:7)
  A crimson imp (D:5)
  An orc priest (D:8)
  2 hounds
  An orc wizard (D:8)
  An iguana (D:7)
  A worker ant (D:6)
  3 orcs
  A jackal (D:4)
14 creatures vanquished.

Vanquished Creatures (others)
  3 knights
3 creatures vanquished.

Grand Total: 201 creatures vanquished

Notes
Turn   | Place    | Note
-------+----------+-------------------------------------------
     0 | D:1      | tof the Troll Monk began the quest for the Orb.
     0 | D:1      | Reached XP level 1. HP: 22/22 MP: 0/0
   254 | D:1      | Reached XP level 2. HP: 27/29 MP: 1/1
   905 | D:2      | Found an ancient bone altar of Kikubaaqudgha.
   905 | D:2      | Found a sparkling altar of Nemelex Xobeh.
   934 | D:2      | Reached XP level 3. HP: 33/36 MP: 2/2
  1039 | D:2      | Reached skill level 4 in Unarmed Combat
  1182 | D:2      | Noticed Natasha
  1186 | D:2      | Killed Natasha
  1186 | D:2      | Reached XP level 4. HP: 42/45 MP: 3/3
  1205 | D:2      | Noticed Natasha
  1215 | D:2      | Killed Natasha
  1346 | D:2      | Noticed Natasha
  1355 | D:2      | Killed Natasha
  1355 | D:2      | Reached XP level 5. HP: 34/53 MP: 4/4
  1909 | D:3      | Reached skill level 5 in Unarmed Combat
  1985 | D:3      | Reached XP level 6. HP: 18/61 MP: 5/5
  2492 | D:4      | Found a staircase to the Ecumenical Temple.
  2696 | Temple   | Entered the Ecumenical Temple
  2787 | Temple   | Became a worshipper of Hepliaklqana the Forgotten
  2787 | Temple   | Reached * piety under Hepliaklqana
  2787 | Temple   | Reached ** piety under Hepliaklqana
  2788 | Temple   | Remembered your ancestor Yadidatum as a knight
  3007 | D:4      | Found a sacrificial altar of Ru.
  3212 | D:4      | Noticed Blork the orc
  3221 | D:4      | Killed Blork the orc
  3221 | D:4      | Reached skill level 6 in Unarmed Combat
  3221 | D:4      | Reached XP level 7. HP: 54/63 MP: 6/6
  3545 | D:5      | Entered Level 5 of the Dungeon
  3740 | D:5      | Reached skill level 7 in Unarmed Combat
  4000 | D:5      | Reached XP level 8. HP: 66/71 MP: 7/7
  4273 | D:6      | Reached *** piety under Hepliaklqana
  4314 | D:6      | Reached skill level 5 in Fighting
  4321 | D:6      | Reached skill level 1 in Shields
  4432 | D:6      | Noticed Turgon's ghost (novice OpFi)
  4437 | D:6      | Reached skill level 8 in Unarmed Combat
  4444 | D:6      | Killed Turgon's ghost
  4444 | D:6      | Reached skill level 5 in Dodging
  4708 | D:6      | Reached XP level 9. HP: 74/79 MP: 8/8
  5083 | D:7      | Found Pyzuduxt's Weapon Boutique.
  5162 | D:7      | Reached skill level 9 in Unarmed Combat
  6095 | D:8      | Reached **** piety under Hepliaklqana
  6195 | D:8      | Gained mutation: Your mind is acute. (Int +2) [potion of mutation]
  6195 | D:8      | Gained mutation: You have an increased reservoir of magic. (+10% MP) [potion of mutation]
  6226 | D:9      | Reached XP level 10. HP: 52/88 MP: 10/10
  6386 | D:9      | Noticed a death yak
  6388 | D:9      | Found a staircase to the Lair.
  6388 | D:9      | Noticed a death yak
  6389 | D:9      | Noticed a death yak
  6389 | D:9      | Noticed a death yak
  6393 | D:9      | Noticed a death yak
  6424 | D:9      | Killed a death yak
  6424 | D:9      | Reached skill level 5 in Shields
  6424 | D:9      | Reached skill level 10 in Unarmed Combat
  6464 | D:8      | Killed a death yak
  6607 | D:7      | Mangled by a death yak

Skill      XL: |  1  2  3  4  5  6  7  8  9 10 |
---------------+-------------------------------+-----
Unarmed Combat | 4 5 6 7 8 9 10 | 10.2
Fighting       | 3 4 5 6 |  6.3
Dodging        | 3 4 5 6 |  6.2
Shields        | 2 4 5 |  5.5
Stealth        | |  1.0

Action                   |  1- 3 |  4- 6 |  7- 9 | 10-12 || total
-------------------------+-------+-------+-------+-------++-------
Melee: Unarmed           |    97 |   230 |   262 |    40 ||   629
       Punch             |     4 |     2 |       |       ||     6
Invok: Ancestor Life: Kn |       |     1 |       |       ||     1
       Recall Ancestor   |       |       |     2 |       ||     2
  Use: Scroll            |       |       |     8 |       ||     8
       Potion            |       |       |     1 |       ||     1
 Stab: Sleeping          |     2 |     6 |     3 |       ||    11
       Distracted        |     1 |       |     1 |       ||     2
  Eat: Chunk             |    16 |    18 |    29 |     2 ||    65
Armor: Robe              |    65 |    45 |    40 |     5 ||   155
Dodge: Dodged            |    70 |   137 |    75 |    10 ||   292
Block: Large shield      |       |       |   116 |    29 ||   145
